 Dungeon Crawl Stone Soup version 0.27.1-2-g3b301248ec (webtiles) character file.

Game seed: 3302306241233080885

55596 Crownlay the Earth Mage (level 14, 0/88 HPs)
             Began as a Gargoyle Earth Elementalist on Sept 28, 2021.
             Was a High Priest of Sif Muna.
             Slain by a cane toad (17 damage)
             ... on level 6 of the Lair of Beasts.
             The game lasted 00:47:08 (21857 turns).

Crownlay the Earth Mage (GrEE)                     Turns: 21857, Time: 00:47:08

Health: 0/88       AC: 18    Str: 13    XL:     14   Next: 78%
Magic:  2/37       EV: 12    Int: 20    God:    Sif Muna [*****.]
Gold:   610        SH:  4    Dex: 10    Spells: 29/33 levels left

rFire    + . .     SeeInvis .   e - staff of earth
rCold    . . .     Faith    .   x - +0 buckler
rNeg     + . .     Spirit   .   F - +1 steam dragon scales
rPois    ∞         Reflect  .   (no helmet)
rElec    +         Harm     .   j - +0 cloak
rCorr    .         Rampage  .   B - +0 pair of gloves
Will     +....                  (no boots)
Stlth    ++++......             G - amulet of magic regeneration
HPRegen  0.24/turn              o - ring of protection from fire
MPRegen  0.50/turn              v - ring of magical power

@: flying, studying Armour
A: sickness immunity, AC +10, big wings, negative energy resistance 1,
electricity resistance, torment resistance 1, petrification resistance
a: Renounce Religion, Channel Magic, Forget Spell, Divine Exegesis


You were on level 6 of the Lair of Beasts.
You worshipped Sif Muna.
Sif Muna was extremely pleased with you.
You visited 3 branches of the dungeon, and saw 17 of its levels.
You also visited: Bailey.

You collected 1072 gold pieces.
You spent 462 gold pieces at shops.

Inventory:

Missiles
 c - 62 stones
 E - 14 throwing nets
 H - a curare-tipped dart
Armour
 j - a +0 cloak (worn)
 x - a +0 buckler (worn)
 B - a +0 pair of gloves (worn)
 F - +1 steam dragon scales (worn)
Magical Staves
 e - a staff of earth (weapon)
Jewellery
 o - a ring of protection from fire (left hand)
 p - a ring of protection from cold
 r - a ring of see invisible
 v - a ring of magical power (right hand)
 G - an amulet of magic regeneration (around neck)
Wands
 s - a wand of charming (4)
 K - a wand of digging (6)
 M - a wand of flame (16)
 Q - a wand of paralysis (7)
Scrolls
 b - a scroll of identify
 d - 14 scrolls of noise
 g - 5 scrolls of teleportation
 k - 2 scrolls of holy word
 w - 2 scrolls of enchant weapon
 y - 2 scrolls of amnesia
 C - a scroll of brand weapon
 D - a scroll of silence
 L - a scroll of fog
 N - 6 scrolls of fear
 P - a scroll of torment
 R - a scroll of magic mapping
 S - a scroll of blinking
Potions
 a - 7 potions of lignification
 f - 2 potions of magic
 h - a potion of cancellation
 i - 4 potions of haste
 l - 4 potions of flight
 m - a potion of resistance
 n - 9 potions of curing
 q - 11 potions of degeneration
 t - 2 potions of heal wounds
 u - 2 potions of brilliance
 z - a potion of ambrosia
 A - 3 potions of invisibility
 I - 2 potions of mutation {unknown}
 J - a potion of might
 O - a potion of attraction {unknown}
 T - a potion of berserk rage {unknown}


   Skills:
 - Level 10.0 Fighting
 - Level 3.8 Dodging
 - Level 10.0 Stealth
 - Level 4.0 Shields
 - Level 10.0 Spellcasting
 * Level 9.5 Conjurations
 - Level 3.5 Transmutations
 + Level 15.4 Earth Magic
 - Level 10.1 Invocations


You had 29 spell levels left.
You knew the following spells:

 Your Spells              Type           Power      Damage    Failure   Level
a - Sandblast             Erth           100%       2d20      0%          1
b - Stone Arrow           Conj/Erth      100%       3d13      1%          3

Your spell library contained the following spells:

 Spells                   Type           Power      Damage    Failure   Level
 Magic Dart               Conj           100%       1d8       1%          1
 Passwall                 Tmut/Erth      53%        N/A       1%          2
 Static Discharge         Conj/Air       29%        N/A       1%          2
 Petrify                  Tmut/Erth      64%        N/A       1%          4
 Borgnjor's Vile Clutch   Necr/Erth      28%        N/A       9%          5
 Sticky Flame             Conj/Fire      29%        2d5       10%         4
 Blink                    Tloc           N/A        N/A       11%         2
 Ignite Poison            Fire/Tmut/Pois 14%        N/A       13%         3
 Lesser Beckoning         Tloc           5%         N/A       21%         3
 Animate Dead             Necr           5%         N/A       56%         4
 Dispel Undead            Necr           10%        3d9       56%         4
 Orb of Destruction       Conj           24%        9d10      75%         7
 Starburst                Conj/Fire      14%        6d6       83%         6
 Manifold Assault         Tloc           10%        N/A       88%         5
 Lehudib's Crystal Spear  Conj/Erth      37%        10d9      95%         8
 Death Channel            Necr           5%         N/A       100%        6
 Malign Gateway           Summ/Tloc      5%         N/A       100%        7
 Summon Horrible Things   Summ           5%         N/A       100%        8
 Chain Lightning          Conj/Air       14%        3d19      100%        9


Dungeon Overview and Level Annotations

Branches:
Dungeon (10/15)            Temple (1/1) D:6            Lair (6/6) D:8
 Shoals (0/4) Lair:3       Spider (0/4) Lair:2          Orc (0/2) D:10
 Bailey (visited)
  Slime: Lair:5-6

Altars:
Ashenzari
Cheibriados
Dithmenos
Elyvilon
Fedhas
Gozag
Kikubaaqudgha
Makhleb
Nemelex Xobeh
Qazlal
Sif Muna
Trog
Uskayaw
Vehumet
Wu Jian
Xom
Yredelemnul
Zin
The Shining One
Jiyva

Shops:
D:9 !

Annotations:
D:9 2 transporters
Lair:6 1 runed translucent door


Innate Abilities, Weirdness & Mutations

You are immune to sickness and miasma.
Your stone body is resilient. (AC +10)
You are immune to poison.
Your large and strong wings let you fly.
You resist negative energy. (rN+)
You are resistant to electric shocks. (rElec)
You are resistant to unholy torment.
You are immune to petrification.


Message History

You kill the komodo dragon!
Sif Muna accepts your kill. You block the yak's attack.
Casting: Stone Arrow (safe; 1% risk of failure)
Confirm with . or Enter, or press ? or * to list all spells.
Aiming: Stone Arrow (safe; 1% risk of failure)
Press: ? - help, Shift-Dir - straight line, f - yak
Aim: a yak (moderately wounded, 87% to hit)
You feel a surge of power!
The stone arrow hits the yak!!
You kill the yak!
Sif Muna accepts your kill.
Okay, then.
Casting: Stone Arrow (safe; 1% risk of failure)
Confirm with . or Enter, or press ? or * to list all spells.
Aiming: Stone Arrow (safe; 1% risk of failure)
Press: ? - help, Shift-Dir - straight line, f - basilisk
Aim: a basilisk (almost dead, 72% to hit)
You feel a surge of power!
The stone arrow hits the basilisk!!
You kill the basilisk!
Sif Muna accepts your kill.
Casting: Stone Arrow (safe; 1% risk of failure)
Confirm with . or Enter, or press ? or * to list all spells.
Aiming: Stone Arrow (safe; 1% risk of failure)
Press: ? - help, Shift-Dir - straight line, f - cane toad
Aim: a cane toad (81% to hit)
You feel a surge of power!
The stone arrow hits the cane toad.
The cane toad is lightly wounded.
The cane toad stings you!
* * * LOW HITPOINT WARNING * * *
The cane toad stings you.
* * * LOW HITPOINT WARNING * * *
Casting: Stone Arrow (safe; 1% risk of failure)
Confirm with . or Enter, or press ? or * to list all spells.
Aiming: Stone Arrow (safe; 1% risk of failure)
Press: ? - help, Shift-Dir - straight line, f/p - cane toad
Aim: a cane toad (lightly wounded, 81% to hit)
You feel a surge of power!
The stone arrow hits the cane toad!!
The cane toad is severely wounded.
The cane toad stings you!
You die...

###### ###
############@##.######..#
.##.#.#.....YF###.PP#...####
.............Y....P........#
...P?P....#...............P##
............#..#..##...#....#
...P.........#.....#...#...#
.........##.#..#...#.......#
..♣.......#...<............#
...........................#


You could see 2 yaks and a cane toad.

Vanquished Creatures
  2 boulder beetles
  6 hydras
  3 two-headed ogres
  Pikel (D:5)
  An ugly thing (D:9)
  2 oklob plants
  5 elephants (Lair:3)
  6 black mambas
  16 cane toads
  Joseph (D:10)
  A rime drake (Lair:3)
  11 komodo dragons
  A jumping spider (Lair:2)
  2 hornets
  3 trolls
  6 dream sheep (Lair:5)
  10 blink frogs (Lair:4)
  5 wyverns
  A wraith (D:9)
  49 yaks
  5 basilisks
  4 steam dragons
  2 acid dragons (D:8)
  16 water moccasins
  A swamp drake (D:10)
  15 orc warriors
  An ice beast (D:6)
  A sky beast (D:8)
  3 ogres
  3 black bears
  3 necrophages
  26 wolves
  11 centaurs
  A lemure (D:5)
  3 kobold brigands
  10 bullfrogs
  4 gnoll sergeants (D:9)
  2 scorpions
  2 wyvern skeletons
  7 killer bees
  2 howler monkeys
  8 wights (D:9)
  An electric eel (D:10)
  A vampire bat (D:6)
  7 centaur zombies
  A crimson imp (D:10)
  A jelly (D:5)
  13 orc priests
  Crazy Yiuf (D:7)
  A human zombie (D:9)
  9 hounds
  Jessica (D:2)
  3 gnoll shamans (D:9)
  6 iguanas
  8 orc wizards
  3 killer bee zombies
  2 hound skeletons (D:5)
  A mummy (D:9)
  24 gnolls
  4 adders
  2 howler monkey zombies (D:9)
  A worm (D:4)
  A dart slug (D:1)
  64 orcs
  6 ball pythons
  2 endoplasms (D:2)
  2 giant cockroaches
  2 goblins
  7 hobgoblins
  11 jackals
  16 kobolds
  5 quokkas
  10 bats
  8 rats
486 creatures vanquished.

Vanquished Creatures (others)
  A yak (D:8)
  4 bushes (D:8)
  27 fungi
  54 plants
86 creatures vanquished.

Grand Total: 572 creatures vanquished

Notes
Turn   | Place    | Note
-------+----------+-------------------------------------------
     0 | D:1      | Crownlay the Gargoyle Earth Elementalist began the quest
                  | for the Orb.
     0 | D:1      | Reached XP level 1. HP: 10/10 MP: 3/3
   445 | D:1      | Reached skill level 1 in Transmutations
   445 | D:1      | Reached XP level 2. HP: 9/15 MP: 0/5
  1397 | D:1      | Reached XP level 3. HP: 19/19 MP: 6/6
  1555 | D:2      | Reached skill level 4 in Earth Magic
  2149 | D:2      | Noticed Jessica
  2155 | D:2      | Learned a level 3 spell: Stone Arrow
  2165 | D:2      | Killed Jessica
  2166 | D:2      | Reached XP level 4. HP: 24/24 MP: 4/7
  2808 | D:3      | Found a faded altar of an unknown god.
  2937 | D:3      | Found a basalt altar of Yredelemnul.
  3441 | D:4      | Reached XP level 5. HP: 28/28 MP: 5/9
  4173 | D:5      | Entered Level 5 of the Dungeon
  4177 | D:5      | Found a stormy altar of Qazlal.
  4192 | D:5      | Noticed an ogre
  4206 | D:5      | Killed an ogre
  4207 | D:5      | Reached XP level 6. HP: 9/32 MP: 10/10
  4450 | D:5      | Reached skill level 5 in Earth Magic
  4503 | D:5      | Noticed a necrophage
  4509 | D:5      | Killed a necrophage
  4527 | D:5      | Noticed Pikel
  4541 | D:5      | Killed Pikel
  4542 | D:5      | Reached skill level 5 in Stealth
  4542 | D:5      | Reached XP level 7. HP: 23/36 MP: 8/12
  4730 | D:5      | Reached skill level 6 in Earth Magic
  4730 | D:5      | Reached XP level 8. HP: 41/41 MP: 14/14
  5041 | D:5      | Reached skill level 1 in Shields
  5614 | D:6      | Found a staircase to the Ecumenical Temple.
  5621 | Temple   | Entered the Ecumenical Temple
  5768 | Temple   | Became a worshipper of Sif Muna the Loreminder
  6088 | D:6      | Reached skill level 7 in Earth Magic
  6114 | D:6      | Reached skill level 8 in Earth Magic
  6114 | D:6      | Reached XP level 9. HP: 28/45 MP: 14/15
  6405 | D:7      | Reached skill level 9 in Earth Magic
  6788 | D:7      | Reached skill level 10 in Earth Magic
  6880 | D:7      | Found a runed translucent door.
  6881 | D:7      | Noticed Crazy Yiuf
  6885 | D:7      | Killed Crazy Yiuf
  6987 | D:7      | Noticed a hornet
  6993 | D:7      | Killed a hornet
  6994 | D:7      | Reached skill level 11 in Earth Magic
  7103 | D:7      | Reached * piety under Sif Muna
  7377 | D:8      | Reached skill level 12 in Earth Magic
  7387 | D:8      | Reached XP level 10. HP: 35/50 MP: 16/16
  7786 | D:8      | Identified the +1 ring mail of the Big Bang {Dex+4 Stlth+}
  7840 | D:8      | Found a broken altar of Ashenzari.
  7844 | D:8      | Reached skill level 13 in Earth Magic
  8199 | D:8      | Reached skill level 14 in Earth Magic
  8219 | D:7      | Reached skill level 1 in Fighting
  8366 | D:8      | Found a staircase to the Lair.
  8573 | D:8      | Reached skill level 5 in Spellcasting
  8575 | D:8      | Reached ** piety under Sif Muna
  8589 | D:8      | Reached XP level 11. HP: 48/60 MP: 1/19
  9199 | D:9      | Found a transporter.
  9218 | D:9      | Reached skill level 1 in Invocations
 10040 | D:9      | Reached skill level 5 in Fighting
 10064 | D:9      | Reached *** piety under Sif Muna
 10365 | D:9      | Found a transporter.
 10379 | D:9      | Noticed a two-headed ogre
 10387 | D:9      | Killed a two-headed ogre
 10704 | D:9      | Noticed a red ugly thing
 10724 | D:9      | Killed a red ugly thing
 10881 | D:9      | Identified the +5 hunting sling "Wuboutol" {vorpal, rC+}
 10908 | D:9      | Found Poasieta's Distillery.
 10912 | D:9      | Bought a potion of heal wounds for 55 gold pieces
 10912 | D:9      | Bought a potion of curing for 33 gold pieces
 10912 | D:9      | Bought a potion of might for 44 gold pieces
 11173 | D:9      | Found an ancient bone altar of Kikubaaqudgha.
 11534 | D:10     | Entered Level 10 of the Dungeon
 11566 | D:10     | Reached **** piety under Sif Muna
 11597 | D:10     | Noticed a two-headed ogre
 11608 | D:10     | Killed a two-headed ogre
 11609 | D:10     | Reached skill level 5 in Invocations
 11758 | D:10     | Found a flagged portal.
 11771 | D:10     | Reached XP level 12. HP: 56/71 MP: 11/22
 11788 | Bailey   | Entered a bailey
 12952 | Bailey   | Reached skill level 10 in Invocations
 12952 | Bailey   | Reached XP level 13. HP: 76/76 MP: 25/25
 13298 | D:10     | Found a burning altar of Makhleb.
 13298 | D:10     | Found a shimmering altar of Xom.
 13332 | D:10     | Found an opulent altar of Gozag.
 13498 | D:10     | Noticed Joseph
 13504 | D:10     | Killed Joseph
 13841 | D:10     | Found a staircase to the Orcish Mines.
 14438 | Lair:1   | Entered Level 1 of the Lair of Beasts
 14486 | D:9      | Bought a potion of cancellation for 88 gold pieces
 14486 | D:9      | Bought 2 potions of brilliance for 88 gold pieces
 14486 | D:9      | Bought a potion of lignification for 33 gold pieces
 14486 | D:9      | Bought a potion of flight for 33 gold pieces
 14486 | D:9      | Bought a potion of invisibility for 88 gold pieces
 15177 | Lair:1   | Reached skill level 10 in Stealth
 15310 | Lair:1   | Reached ***** piety under Sif Muna
 15923 | Lair:1   | Received a gift from Sif Muna
 15938 | Lair:1   | Got Zanyteaf's Guide on Twisted Heat {god gift}
 16759 | Lair:2   | Found a hole to the Spider Nest.
 16873 | Lair:2   | Reached skill level 10 in Spellcasting
 17216 | Lair:2   | Reached skill level 10 in Fighting
 17385 | Lair:2   | Reached skill level 1 in Conjurations
 17667 | Lair:3   | Found a staircase to the Shoals.
 17681 | Lair:3   | Gained mutation: Your large and strong wings let you fly.
                  | [Gargoyle growth]
 17681 | Lair:3   | Reached XP level 14. HP: 88/88 MP: 26/28
 18178 | Lair:3   | Reached skill level 5 in Conjurations
 20405 | Lair:5   | Found a hide-covered altar of Uskayaw.
 20407 | Lair:5   | Found an ornate altar of the Wu Jian Council.
 20421 | Lair:5   | Reached skill level 15 in Earth Magic
 21707 | Lair:6   | Entered Level 6 of the Lair of Beasts
 21708 | Lair:6   | Found a runed translucent door.
 21710 | Lair:6   | Found a viscous altar of Jiyva.
 21831 | Lair:6   | Received a gift from Sif Muna
 21832 | Lair:6   | Got Sif Muna's Reference Book on Dusty Arcane Weapons {god
                  | gift}
 21857 | Lair:6   | Slain by a cane toad

Illustrated notes

Levels and vault maps discovered:
D:1:      lemuel_arrival_lava_pool, layout_basic
D:2:      layout_loops_ring, chequers_serial_rivers_room_a, uniq_jessica
D:3:      layout_basic, mainiacjoe_overflow_paths, ebering_ecumenical_altar_hall
D:4:      layout_rooms
D:5:      layout_loops_corners, amcnicky_altar_gilded, uniq_pikel
D:6:      layout_rooms, minmay_temple_entry_mini_moons, roderic_batcave,
          grunt_tough_drop
D:7:      layout_rooms, lemuel_old_faithful, uniq_crazy_yiuf_cottage
D:8:      layout_loops_ring, nicolae_ashenzari_panopticon,
          minmay_lair_entry_grove
D:9:      gammafunk_cloud_chamber, layout_cave_pools,
          lemuel_mausoleum_altar_kikubaaqudgha, serial_gnoll_camp,
          gnoll_camp_medium_02, gnoll_camp_medium_01, gnoll_camp_mini_shop,
          gnoll_camp_huts_basic, st_stairs_10
D:10:     layout_long_grid, grunt_temple_overflow_champion_of_chaos,
          mainiacjoe_overflow_alcove_4, erik_orc_1, enter_bailey_2,
          serial_bayou, serial_bayou_pond_d, serial_bayou_pond_c,
          serial_bayou_crossing, serial_bayou_pond_d, serial_bayou_pond_d,
          roderic_roman_lattice, uniq_joseph
Temple:   regret_index_temple_generic_petals
Lair:1:   beast_lair_carwin_large_1, layout_cellular_growth,
          chequers_serial_rivers_room_b, infiniplex_staircase_pool_2
Lair:2:   layout_regular_city, spider_nest_entry_rubble
Lair:3:   layout_layer_cave, shoals_dummy_entry, minmay_lair_oklob_chamber
Lair:4:   layout_cave_pods
Lair:5:   layout_layer_cave, nzn_masters_of_martial_movement
Lair:6:   minmay_lair_end_enchanted_forest, layout_long_grid, slime_altar_2,
          grunt_forest_large_clearings

Skill      XL: |  1  2  3  4  5  6  7  8  9 10 11 12 13 14 |
---------------+-------------------------------------------+-----
Transmutations | 1 2 3 |  3.5
Earth Magic    | 4 5 6 8 12 14 15 | 15.4
Dodging        | 2 3 |  3.8
Stealth        | 3 5 6 8 10 | 10.0
Spellcasting   | 3 4 5 7 8 10 | 10.0
Shields        | 4 |  4.0
Fighting       | 3 6 7 10 | 10.0
Invocations    | 6 10 | 10.1
Conjurations   | 2 9 |  9.5

Action                   |  1- 3 |  4- 6 |  7- 9 | 10-12 | 13-15 || total
-------------------------+-------+-------+-------+-------+-------++-------
Melee: Unarmed           |    11 |       |       |       |       ||    11
       Staff             |    90 |    75 |    34 |    22 |    22 ||   243
Throw: Throwing net      |       |       |       |     3 |       ||     3
       Dart              |       |       |       |     1 |       ||     1
 Cast: Sandblast         |    20 |    47 |   115 |   245 |   125 ||   552
       Stone Arrow       |       |     1 |     5 |   141 |   349 ||   496
Invok: Channel Magic     |       |       |       |     1 |     2 ||     3
Evoke: Wand              |       |       |       |     1 |       ||     1
  Use: Scroll            |       |     5 |     5 |     5 |     5 ||    20
       Potion            |       |       |       |     1 |     1 ||     2
 Stab: Sleeping          |     4 |     5 |       |       |       ||     9
Armor: Robe              |    41 |    30 |    65 |    16 |       ||   152
       Steam dragon scal |       |       |       |    49 |   113 ||   162
Dodge: Dodged            |   106 |    54 |    89 |   101 |   191 ||   541
Block: Buckler           |       |       |    29 |    26 |    50 ||   105
